benchmarks for myself
| 12 | 0:00 | | take a probe from mineral line at 0:07 and travel to the natural |
| 13 | 0:12 | | |
| 14 | 0:17 | | build pylon in natural with the probe pulled from mineral line |
| 14 | 0:24 | | Chrono once the pylon finishes or just before the pylon finishes |
| 15 | 0:32 | | |
| 15 | 0:38 | | place in wall and scout with probe that built gateway. Scout main base, and patrol probe outside the natural as a spotter |
| 15 | 0:40 | | rally this probe to the assimilator |
| 16 | 0:46 | | as soon as this assimilator finishes, make sure to put 2 in it right away. |
| 17 | 0:51 | | rally this probe to assimilator you just built, once it finishes, take a probe from the mineral line and add it to the gas as well. You want (2/3) mining gas ASAP. |
| 18 | 1:03 | | rally this probe to the natural to build the nexus |
| 19 | 1:15 | | rally this probe to the gas. |
| 20 | 1:23 | | |
| 20 | 1:33 | | place core in wall, leaving your hole for adept. |
| 20 | 1:40 | | rally to fill gasses |
| 20 | 1:44 | | |
| 21 | 1:52 | | rally beside assimilator to build pylon, then mine gas with probe. |
| 22 | 1:54 | | |
| 22 | 2:02 | | chrono the first adept and head across the map to scout 3rd base locations and then wait outside the natural. |
| 22 | 2:04 | | |
| 25 | 2:16 | | rally beside pylon (beside assimilator) and place stargate, then mine gas with probe |
| 25 | 2:17 | | |
| 26 | 2:23 | | shade across the map and group up with your 1st adept outside enemy natural |
| 26 | 2:26 | | start warp gate after building the stargate |
| 26 | 2:28 | | Chrono both of the nexus to make probes, Non stop worker production |
| 30 | 2:39 | | |
| 32 | 2:49 | | |
| 32 | 2:53 | | |
| 32 | 2:55 | | |
| 36 | 3:01 | | |
| 41 | 3:13 | | |
| 41 | 3:17 | | our 3rd gateway here is used to close the wall |
| 43 | 3:20 | | can place this at 41-43 supply. |
| 43 | 3:25 | | |
| 44 | 3:30 | | |
| 45 | 3:37 | | |
| 46 | 3:49 | | in this scenario, the 3rd nexus gets attacked and cancelled. It is restarted at 4:31 when safe to do so. If you have to cancel nexus, cancel it. Add a Pylon beside 3rd. |
| 46 | 3:50 | | |
| 48 | 4:01 | | This pylon goes beside the 3rd base and will power the shield battery that will go in the mineral line |
| 48 | 4:02 | | |
| 49 | 4:06 | | twilight and forge go down at the same time for blink and +1 weapons |
| 49 | 4:08 | | forge and twilight for +1 weapons and blink |
| 50 | 4:14 | | |
| 49 | 4:21 | | |
| 51 | 4:31 | | we are trying to get our 3rd base down again. This is not a 4th base. |
| 51 | 4:32 | | |
| 51 | 4:33 | | 3rd base mineral line battery |
| 53 | 4:38 | | 3rd GW in main, 4th GW in main |
| 53 | 4:39 | | |
| 53 | 4:41 | | shortly after building the 3rd, take the 3rd and 4th gas in natural, take 3rd and 4th gas in natural shortly after 3rd base |
| 55 | 4:47 | | do not chrono blink |
| 55 | 4:51 | | chrono both nexus probe production |
| 57 | 4:57 | | |
| 57 | 5:00 | | still on chrono, still on chrono |
| 57 | 5:05 | | 5th GW, 6th GW |
| 59 | 5:08 | | still on chrono, still on chrono |
| 61 | 5:17 | | |
| 62 | 5:24 | | |
| 62 | 5:29 | | |
| 62 | 5:32 | | |
| 62 | 5:39 | | When 3rd base finishes, we chrono to saturate 3rd base. |
| 64 | 5:47 | | |
| 64 | 5:48 | | |
| 65 | 5:54 | | |
| 65 | 5:56 | | |
| 68 | 5:57 | | |
| 74 | 6:05 | | |
| 74 | 6:09 | | |
| 74 | 6:11 | | 5th gas at 3rd base, 6th gas at 3rd base |
| 83 | 6:25 | | |
| 91 | 6:30 | | |
| 91 | 6:34 | | shield battery in natural wall (can be placed earlier if needed) |
| 91 | 6:35 | | |
| 91 | 6:39 | | |
| 95 | 6:44 | | |
| 95 | 6:46 | | |
| 98 | 6:49 | | |
| 98 | 6:56 | | start storm as soon as archives finishes |
| 98 | 6:58 | | start +2 weapons with storm is a good way to remember this |
| 98 | 7:07 | | |
| 102 | 7:12 | | |
| 102 | 7:14 | | |
| 108 | 7:17 | | |
| 110 | 7:24 | | |
| 110 | 7:28 | | |
| 110 | 7:29 | | Robo by 7:30 should be remembered |
| 117 | 7:32 | | |
| 117 | 7:34 | | |
| 117 | 7:36 | | |
| 121 | 7:45 | | |
| 131 | 7:52 | | 4th base before 8 minute mark (when main minerals start to dry up) |
| 131 | 7:59 | | Cannons at 3rd while you keep your army close to natural and new 4th base, Cannons at 3rd to help defend while you get your 4th down |
| 131 | 8:11 | | |
| 137 | 8:13 | | |
| 137 | 8:15 | | cannons at 4th, cannons at 4th |
| 140 | 8:20 | | |
| 140 | 8:25 | | |
| 141 | 8:30 | | |
| 141 | 8:33 | | |
| 149 | 8:41 | | |
| 149 | 8:47 | | Another ROBO + ROBOTICS BAY |
| 155 | 8:49 | | |
| 155 | 8:50 | | Robo Bay by 9 minutes is a good benchmark |
| 155 | 8:51 | | |
| 157 | 9:04 | | Immortal once Robo bay is started. ROBO BAY GOES DOWN -> START IMMORTAL. |
| 157 | 9:06 | | |
| 157 | 9:09 | | |
| 169 | 9:11 | | an additional cannon at 3rd, an additional cannon at 4th |
| 169 | 9:12 | | 7th gas at 4th, 8th gas at 4th |
| 169 | 9:16 | | |
| 171 | 9:26 | | |
| 184 | 9:35 | | |
| 184 | 9:51 | | |
| 194 | 9:53 | | |
| 194 | 9:57 | | |
| 194 | 10:01 | | |
| 194 | 10:03 | | |
| 194 | 10:07 | | +3 by 10 minutes is a good benchmark |
| 186 | 10:15 | | |
| 186 | 10:17 | | |
| 167 | 10:25 | | |
| 163 | 10:49 | | |
| 165 | 10:57 | | |
| 165 | 11:03 | | |
| 174 | 11:11 | | |
| 174 | 11:13 | | |
| 190 | 11:36 | | 11 to12 minute fleet beacon for lategame transition to air |
| 190 | 11:38 | | FLEET BEACON --> STARGATE immediately with the fleet beacon. |
| 190 | 11:39 | | 5th base by 12 minutes |
| 190 | 11:40 | | |
| 190 | 11:46 | | |
| 198 | 12:08 | | |
| 196 | 12:23 | | |
| 196 | 12:25 | | |
| 168 | 12:37 | | |
| 164 | 12:47 | | |
| 184 | 12:51 | | |
| 184 | 12:59 | | |
| 184 | 14:18 | | |
| 178 | 14:28 | | replace cannons as they get destroyed or additional cannons for safety + defense as you can afford |
| 178 | 14:31 | | templars for storm, archons and zealots. Fight with your batteries and cannons. |
| 198 | 14:51 | | |
| 198 | 15:06 | | archons to protect carriers from corruptors |
| 190 | 15:11 | | zealots to protect archons |
| 200 | 15:46 | | canons at every expansion + extra cannons to help defend + batteries |
| 184 | 15:57 | | keep taking expansions. |
| 184 | 15:59 | | hella templars for hella archons |
| 200 | 16:04 | | |
| 198 | 16:17 | | |
| 194 | 16:23 | | |
| 195 | 16:42 | | |
| 171 | 16:49 | | + a bunch of archons for corruptors |
